[Event "Najdorf Memorial-B 2022"]
[Site "Warsaw"]
[Date "2022.07.16"]
[Round "8.12"]
[White "Iwaszkiewicz, Krzysztof"]
[Black "Marczuk, Wojciech"]
[Result "0-1"]
[ECO "A45"]
[WhiteElo "1630"]
[BlackElo "1324"]
[Annotator "NA"]
[PlyCount "84"]
[EventDate "2022.07.09"]
[EventType "swiss"]
[EventCountry "POL"]
[SourceTitle "playchess.com"]
[Source "ChessBase"]
[SourceQuality "1"]
[TimeControl "40/5400+30:1800+30"]

1. d4 Nf6 2. Bf4 c6 3. e3 Qb6 4. Qc1 Nh5 5. Bg3 Nxg3 6. hxg3 g6 7. Nd2 Bg7 8. Ngf3 d6 9. c3 Nd7 10. Qc2 O-O 11. Bd3 e5 12. Nc4 Qc7 13. dxe5 Nxe5 14. Ncxe5 dxe5 15. O-O-O a5 16. Rh4 Bf6 17. Rh6 Kg7 18. Rdh1 Rh8 19. Nd2 Be6 20. f4 Qb6 21. f5 Bg5 22. R6h2 Qxe3 23. fxe6 Rad8 24. e7 Bxe7 25. Bc4 Bg5 26. Kb1 Rxd2 27. Qb3 Qe4+ 28. Ka1 Rxg2 29. Qxb7 Qxc4 30. Rxg2 Rd8 31. Qc7 Qd5 32. Rgg1 e4 33. Re1 e3 34. a3 e2 35. Rhg1 Be3 36. Rg2 Qxg2 37. Qe5+ Kg8 38. Qxe3 Rd1+ 39. Ka2 Qd5+ 40. b3 Qd2+ 41. Qxd2 Rxd2+ 42. Kb1 Rd1+ 0-1

[Event "Najdorf Memorial-B 2022"]
[Site "Warsaw"]
[Date "2022.07.16"]
[Round "8.13"]
[White "Jaroszuk, Marcin"]
[Black "Leszczewicz, Karol"]
[Result "0-1"]
[ECO "A03"]
[WhiteElo "1476"]
[BlackElo "1519"]
[Annotator "NA"]
[PlyCount "116"]
[EventDate "2022.07.09"]
[EventType "swiss"]
[EventCountry "POL"]
[SourceTitle "playchess.com"]
[Source "ChessBase"]
[SourceQuality "1"]
[TimeControl "40/5400+30:1800+30"]

1. f4 d5 2. Nf3 Nf6 3. e3 g6 4. Be2 Bg7 5. O-O O-O 6. d3 c5 7. Nc3 Nc6 8. Ne5 Nxe5 9. fxe5 Ne8 10. d4 cxd4 11. exd4 f6 12. exf6 exf6 13. Bf3 Be6 14. Re1 Bf7 15. Ne2 f5 16. Nf4 Nc7 17. c3 Re8 18. Nd3 Rxe1+ 19. Qxe1 Nb5 20. Ne5 Qe7 21. Bf4 Bxe5 22. Qxe5 Qxe5 23. Bxe5 Rd8 24. Re1 Rd7 25. a4 Nc7 26. Bxc7 Rxc7 27. a5 Kf8 28. Kf2 Re7 29. c4 Rxe1 30. Kxe1 Ke7 31. c5 a6 32. h4 h6 33. Kd2 f4 34. Be2 Kd7 35. b4 Kc6 36. Ke1 g5 37. hxg5 hxg5 38. Kf2 Bg6 39. Bg4 Be4 40. Be6 Kb5 41. Bc8 Kxb4 42. Bxb7 Kxa5 43. Bc8 Bg6 44. Be6 Be4 45. Bd7 Bd3 46. Bc6 Bc4 47. Kf3 Kb4 48. Bb7 Kb5 49. Kg4 a5 50. Bc8 Kc6 51. Bf5 a4 52. Kxg5 a3 53. Bb1 Bf1 54. Kxf4 Bxg2 55. Ba2 Bf1 56. Ke5 Bc4 57. Bxc4 dxc4 58. d5+ Kxc5 0-1

[Event "Najdorf Memorial-B 2022"]
[Site "Warsaw"]
[Date "2022.07.16"]
[Round "8.14"]
[White "Grzelak, Piotr"]
[Black "Jarmolowski, Tadeusz"]
[Result "1-0"]
[ECO "A45"]
[WhiteElo "1684"]
[BlackElo "1482"]
[Annotator "NA"]
[PlyCount "71"]
[EventDate "2022.07.09"]
[EventType "swiss"]
[EventCountry "POL"]
[SourceTitle "playchess.com"]
[Source "ChessBase"]
[SourceQuality "1"]
[TimeControl "40/5400+30:1800+30"]

1. d4 Nf6 2. Bf4 c5 3. e3 cxd4 4. exd4 Qb6 5. Nc3 d5 6. Nb5 Na6 7. c3 Bd7 8. a4 Rc8 9. Nf3 Bg4 10. Qe2 e6 11. a5 Qd8 12. Nxa7 Ra8 13. Nb5 Be7 14. h3 Bh5 15. g4 Bg6 16. Ne5 O-O 17. Nxg6 hxg6 18. Qe3 Qd7 19. Bd3 Ne4 20. O-O g5 21. Bh2 f5 22. Be5 f4 23. Qe2 Bf6 24. Bxe4 dxe4 25. Nd6 Bxe5 26. dxe5 Nc5 27. Nxe4 Qd5 28. Nxg5 g6 29. b4 Nd3 30. Rad1 Rad8 31. Nxe6 Qxe6 32. Rxd3 Rxd3 33. Qxd3 Kg7 34. Rd1 Rf7 35. Qd5 Qe7 36. e6 1-0

[Event "Najdorf Memorial-B 2022"]
[Site "Warsaw"]
[Date "2022.07.16"]
[Round "8.15"]
[White "Morczynski, Joachim"]
[Black "Machnik, Stanislaw"]
[Result "1/2-1/2"]
[ECO "B21"]
[WhiteElo "1762"]
[BlackElo "1381"]
[Annotator "NA"]
[PlyCount "98"]
[EventDate "2022.07.09"]
[EventType "swiss"]
[EventCountry "POL"]
[SourceTitle "playchess.com"]
[Source "ChessBase"]
[SourceQuality "1"]
[TimeControl "40/5400+30:1800+30"]

1. e4 c5 2. d4 cxd4 3. c3 Nf6 4. e5 Nd5 5. Qxd4 e6 6. Nf3 Nc6 7. Qe4 d6 8. Bb5 Bd7 9. exd6 Bxd6 10. O-O O-O 11. Rd1 Qb6 12. c4 Nf6 13. Qh4 Be7 14. Be3 Qc7 15. Bf4 Qc8 16. Ne5 Nxe5 17. Bxe5 Bxb5 18. cxb5 Qc5 19. Bd4 Qxb5 20. Nc3 Qh5 21. Qg3 Rfd8 22. Ne4 Qg6 23. Qxg6 hxg6 24. Bc5 Kf8 25. Nxf6 gxf6 26. Rxd8+ Rxd8 27. Bxa7 Rd2 28. Rb1 b5 29. a3 Bd6 30. Be3 Rc2 31. g3 Be5 32. b3 Ra2 33. Bc5+ Kg7 34. Kg2 Bb2 35. a4 bxa4 36. bxa4 Bc3 37. Rc1 Ba5 38. Rc4 g5 39. h4 Kg6 40. Be3 Bd2 41. Bxd2 Rxd2 42. Rc7 Rd4 43. h5+ Kxh5 44. Rxf7 Kg6 45. Ra7 Kf5 46. a5 Ra4 47. a6 g4 48. Ra8 Ra1 49. a7 Ke5 1/2-1/2

[Event "Najdorf Memorial-B 2022"]
[Site "Warsaw"]
[Date "2022.07.16"]
[Round "8.16"]
[White "Flis, Piotr"]
[Black "Nowak, Lukasz"]
[Result "1/2-1/2"]
[ECO "B41"]
[WhiteElo "1523"]
[BlackElo "2327"]
[Annotator "ChessBase"]
[PlyCount "75"]
[EventDate "2022.07.09"]
[EventType "swiss"]
[EventCountry "POL"]
[SourceTitle "playchess.com"]
[Source "ChessBase"]
[SourceQuality "1"]
[TimeControl "40/5400+30:1800+30"]

1. e4 c5 2. Nf3 e6 3. d4 cxd4 4. Nxd4 a6 5. c4 Nf6 6. Nc3 Qc7 7. a3 b6 8. Be2 Bb7 9. f3 d6 10. Be3 Nbd7 11. Rc1 Be7 12. O-O O-O 13. b4 Rac8 14. Qd2 Rfe8 15. Na4 Qb8 16. Nb2 d5 17. exd5 exd5 18. Bf4 Bd6 19. Bxd6 Qxd6 20. Nf5 Qe5 21. Ng3 Qe3+ 22. Qxe3 Rxe3 23. cxd5 Rxc1 24. Rxc1 Nxd5 25. Nc4 Rc3 26. Rxc3 Nxc3 27. Bd3 b5 28. Nd6 Bd5 29. Nge4 Nxe4 30. Nxe4 Ne5 31. Be2 Be6 32. Nc5 Bc8 33. Kf2 Kf8 34. Ke3 Ke7 35. Bd3 Nxd3 36. Kxd3 h6 37. f4 Kd6 38. Kd4 1/2-1/2

[Event "Najdorf Memorial-B 2022"]
[Site "Warsaw"]
[Date "2022.07.16"]
[Round "8.17"]
[White "Gajewski, Dariusz"]
[Black "Adamowicz, Michal"]
[Result "0-1"]
[ECO "B20"]
[WhiteElo "1697"]
[BlackElo "1408"]
[Annotator "NA"]
[PlyCount "38"]
[EventDate "2022.07.09"]
[EventType "swiss"]
[EventCountry "POL"]
[SourceTitle "playchess.com"]
[Source "ChessBase"]
[SourceQuality "1"]
[TimeControl "40/5400+30:1800+30"]

1. e4 c5 2. a3 Nc6 3. b4 e5 4. b5 Nd4 5. c4 d6 6. g3 h5 7. h3 f5 8. d3 h4 9. Bg2 hxg3 10. fxg3 Qf6 11. Nc3 Qg6 12. Kf2 Nf6 13. Nge2 Be7 14. Be3 O-O 15. Kg1 fxe4 16. Nxe4 Nxe4 17. Bxd4 Nxg3 18. Bf2 Nxh1 19. Nd4 Ng3 0-1

[Event "Najdorf Memorial-B 2022"]
[Site "Warsaw"]
[Date "2022.07.17"]
[Round "9.1"]
[White "Carrieri, Maurizio"]
[Black "Michalowski, Patryk"]
[Result "0-1"]
[ECO "D35"]
[WhiteElo "1666"]
[BlackElo "1726"]
[Annotator "NA COMBH"]
[PlyCount "26"]
[EventDate "2022.07.09"]
[EventType "swiss"]
[EventCountry "POL"]
[SourceTitle "playchess.com"]
[Source "ChessBase"]
[SourceQuality "1"]
[TimeControl "40/5400+30:1800+30"]

1. d4 d5 2. c4 e6 3. Nc3 Nf6 4. cxd5 exd5 5. Bg5 Be7 6. e3 c6 7. Bd3 Nbd7 8. Qc2 O-O 9. Nf3 Re8 10. O-O Nf8 11. h3 Ng6 12. Rab1 Ne4 13. Nxe4 dxe4 0-1

[Event "Najdorf Memorial-B 2022"]
[Site "Warsaw"]
[Date "2022.07.17"]
[Round "9.2"]
[White "Dysko, Michal"]
[Black "Yasmo, Daniil"]
[Result "0-1"]
[ECO "A15"]
[WhiteElo "1376"]
[BlackElo "1680"]
[Annotator "NA COMBH"]
[PlyCount "70"]
[EventDate "2022.07.09"]
[EventType "swiss"]
[EventCountry "POL"]
[SourceTitle "playchess.com"]
[Source "ChessBase"]
[SourceQuality "1"]
[TimeControl "40/5400+30:1800+30"]

1. c4 Nf6 2. g3 g6 3. Bg2 Bg7 4. Nc3 O-O 5. e4 d6 6. Nge2 e5 7. d3 a5 8. O-O Nc6 9. h3 Nd7 10. Nd5 Nc5 11. Nec3 Nd4 12. f4 c6 13. Ne3 exf4 14. gxf4 f5 15. exf5 Nxf5 16. Nxf5 Bxf5 17. d4 Nd3 18. d5 Bd4+ 19. Kh2 c5 20. Qf3 Qe7 21. Rd1 Ne1 22. Qg3 Nc2 23. Rb1 Ne3 24. Re1 Rae8 25. Ra1 Ng4+ 26. hxg4 Qxe1 27. gxf5 Bf2 28. Qd3 Rxf5 29. Kh3 Rh5+ 30. Kg4 Bd4 31. Qg3 Bf2 32. Qd3 Rh4+ 33. Kf3 Bg1 34. Ne4 Rxe4 35. Qxe4 Qf2# 0-1

[Event "Najdorf Memorial-B 2022"]
[Site "Warsaw"]
[Date "2022.07.17"]
[Round "9.3"]
[White "Wieckowski, Michal"]
[Black "Bubien, Antoni"]
[Result "0-1"]
[ECO "E73"]
[WhiteElo "1669"]
[BlackElo "1472"]
[Annotator "NA COMBH"]
[PlyCount "47"]
[EventDate "2022.07.09"]
[EventType "swiss"]
[EventCountry "POL"]
[SourceTitle "playchess.com"]
[Source "ChessBase"]
[SourceQuality "1"]
[TimeControl "40/5400+30:1800+30"]

1. d4 Nf6 2. c4 g6 3. Nc3 Bg7 4. e4 d6 5. Bg5 O-O 6. Be2 a6 7. Qd2 c5 8. d5 b5 9. cxb5 Qa5 10. f3 Nbd7 11. a4 Nb6 12. Nd1 Qxd2+ 13. Bxd2 c4 14. bxa6 Bxa6 15. a5 Nbd7 16. Rc1 Rfc8 17. Nh3 Nc5 18. Ne3 Nb3 19. Rc2 Nd4 20. Rc3 Nxe2 21. Kxe2 Nd7 22. Nf2 Nc5 23. Rxc4 Nb3 24. Ke1 0-1

[Event "Najdorf Memorial-B 2022"]
[Site "Warsaw"]
[Date "2022.07.17"]
[Round "9.4"]
[White "Marczuk, Wojciech"]
[Black "Nawalaniec, Adam"]
[Result "0-1"]
[ECO "A04"]
[WhiteElo "1324"]
[BlackElo "1768"]
[Annotator "NA COMBH"]
[PlyCount "70"]
[EventDate "2022.07.09"]
[EventType "swiss"]
[EventCountry "POL"]
[SourceTitle "playchess.com"]
[Source "ChessBase"]
[SourceQuality "1"]
[TimeControl "40/5400+30:1800+30"]

1. Nf3 d6 2. c4 g6 3. g3 Bg7 4. Bg2 Nf6 5. O-O O-O 6. Nc3 e5 7. d3 Nc6 8. Rb1 a5 9. a3 Re8 10. b4 axb4 11. axb4 d5 12. b5 Na5 13. cxd5 Nxd5 14. Nxd5 Qxd5 15. Bb2 Qd6 16. Nd2 Be6 17. Bc3 Bd5 18. Qc2 Bxg2 19. Kxg2 b6 20. Rfc1 Qd5+ 21. Kg1 Nb7 22. Bb4 Rac8 23. Qc6 Qxc6 24. Rxc6 Nd8 25. Rc2 Ne6 26. Nf3 f6 27. Rbc1 Rcd8 28. Kf1 Rd5 29. Nd2 Rxb5 30. Ba3 Ra8 31. Bb2 Kf7 32. Ne4 f5 33. Nc3 Rc5 34. e4 Nd4 35. exf5 gxf5 0-1

[Event "Najdorf Memorial-B 2022"]
[Site "Warsaw"]
[Date "2022.07.17"]
[Round "9.5"]
[White "Poniewierski, Piotr"]
[Black "Grzelak, Piotr"]
[Result "0-1"]
[ECO "A04"]
[WhiteElo "1747"]
[BlackElo "1684"]
[Annotator "NA COMBH"]
[PlyCount "76"]
[EventDate "2022.07.09"]
[EventType "swiss"]
[EventCountry "POL"]
[SourceTitle "playchess.com"]
[Source "ChessBase"]
[SourceQuality "1"]
[TimeControl "40/5400+30:1800+30"]

1. Nf3 d6 2. d4 Nf6 3. g3 Nbd7 4. Bg2 e5 5. c4 c6 6. Nc3 e4 7. Ng5 d5 8. cxd5 cxd5 9. Qb3 Nb6 10. O-O Be7 11. a4 a5 12. f3 exf3 13. Nxf3 O-O 14. Bf4 Bb4 15. Ne5 Be6 16. Nd3 Be7 17. Nc5 Bxc5 18. dxc5 Nbd7 19. Bd6 d4 20. Nd5 Nxd5 21. Bxd5 Nxc5 22. Bxc5 Bxd5 23. Qd3 Re8 24. Bxd4 Rc8 25. Rac1 Be4 26. Qd2 Bc6 27. Qf4 Qd5 28. Rxc6 Rxc6 29. Bc3 Rc4 30. Qf2 Rxa4 31. e3 Rae4 32. Bxa5 Rxe3 33. Bc3 Re2 34. Re1 Rxe1+ 35. Bxe1 Qd1 36. Kf1 Qd3+ 37. Kg1 Re2 38. Qf1 Qd1 0-1

[Event "Najdorf Memorial-B 2022"]
[Site "Warsaw"]
[Date "2022.07.17"]
[Round "9.6"]
[White "Leszczewicz, Karol"]
[Black "Szymkiewicz, Witold"]
[Result "0-1"]
[ECO "D56"]
[WhiteElo "1519"]
[BlackElo "1642"]
[Annotator "NA COMBH"]
[PlyCount "116"]
[EventDate "2022.07.09"]
[EventType "swiss"]
[EventCountry "POL"]
[SourceTitle "playchess.com"]
[Source "ChessBase"]
[SourceQuality "1"]
[TimeControl "40/5400+30:1800+30"]

1. d4 d5 2. c4 e6 3. Nc3 Nf6 4. Nf3 Be7 5. Bg5 h6 6. Bh4 O-O 7. e3 Nbd7 8. Qc2 Re8 9. Bd3 dxc4 10. Bxc4 a6 11. a4 b6 12. O-O Bb7 13. e4 c5 14. d5 exd5 15. Nxd5 Nxd5 16. Bxd5 Bxd5 17. Bxe7 Bxe4 18. Qxe4 Rxe7 19. Qd3 Ne5 20. Nxe5 Rxe5 21. Qf3 Qd5 22. Qc3 Rd8 23. g3 Qe6 24. Rad1 Rxd1 25. Rxd1 Rd5 26. Re1 Qd7 27. Qb3 b5 28. axb5 axb5 29. Ra1 c4 30. Qc2 g6 31. Ra8+ Kh7 32. Qe4 Rd1+ 33. Kg2 Qd3 34. Qxd3 Rxd3 35. Ra1 Rd2 36. Rb1 Rc2 37. Kf3 b4 38. h4 Kg7 39. Ke3 Kf6 40. f4 Kf5 41. Kf3 h5 42. Rd1 Rxb2 43. Rd5+ Kf6 44. Rd6+ Ke7 45. Rc6 c3 46. Rc4 c2 47. Ke3 b3 48. Kd2 Rb1 49. Rc7+ Kd6 50. Rc8 Rd1+ 51. Ke2 Kd7 52. Rf8 c1=Q 53. Rxf7+ Ke6 54. f5+ gxf5 55. Re7+ Kf6 56. Rf7+ Kxf7 57. Kf3 Rf1+ 58. Ke2 {[%emt 0:01:56] Check Result:-#1} Qd1+ 0-1

[Event "Najdorf Memorial-B 2022"]
[Site "Warsaw"]
[Date "2022.07.17"]
[Round "9.7"]
[White "Krogulski, Maksymilian"]
[Black "Prokopiuk, Jakub"]
[Result "1/2-1/2"]
[ECO "B50"]
[WhiteElo "1584"]
[BlackElo "1481"]
[Annotator "NA COMBH"]
[PlyCount "93"]
[EventDate "2022.07.09"]
[EventType "swiss"]
[EventCountry "POL"]
[SourceTitle "playchess.com"]
[Source "ChessBase"]
[SourceQuality "1"]
[TimeControl "40/5400+30:1800+30"]

1. e4 c5 2. Nf3 d6 3. c3 Nf6 4. h3 g6 5. Bd3 Bg7 6. O-O O-O 7. Bc2 e5 8. d4 exd4 9. cxd4 cxd4 10. Nxd4 Nc6 11. Nxc6 bxc6 12. Nc3 Ba6 13. Re1 d5 14. exd5 cxd5 15. Bg5 h6 16. Bxf6 Bxf6 17. Qxd5 Qxd5 18. Nxd5 Bxb2 19. Rab1 Bg7 20. Be4 Rab8 21. Ne7+ Kh7 22. Nc6 Rxb1 23. Rxb1 Re8 24. Bd5 Bd3 25. Rb3 Be4 26. Bxe4 Rxe4 27. Ra3 Rc4 28. Ra6 Rc2 29. f3 Bf6 30. Kh2 Bg5 31. h4 Bxh4 32. Kh3 Bf2 33. Nxa7 Rc1 34. Kh2 h5 35. g3 Rc2 36. Nb5 Rb2 37. a4 Bc5+ 38. Kh1 Rb1+ 39. Kg2 Rb2+ 40. Kh1 g5 41. Nd6 Rb1+ 42. Kg2 Rb2+ 43. Kh1 Rb1+ 44. Kg2 Rb2+ 45. Kh1 Rb1+ 46. Kh2 Rb2+ 47. Kh1 1/2-1/2

[Event "Najdorf Memorial-B 2022"]
[Site "Warsaw"]
[Date "2022.07.17"]
[Round "9.8"]
[White "Slusarczyk, Anna"]
[Black "Przybylski, Jan"]
[Result "0-1"]
[ECO "E00"]
[WhiteElo "1637"]
[BlackElo "1685"]
[Annotator "NA COMBH"]
[PlyCount "134"]
[EventDate "2022.07.09"]
[EventType "swiss"]
[EventCountry "POL"]
[SourceTitle "playchess.com"]
[Source "ChessBase"]
[SourceQuality "1"]
[TimeControl "40/5400+30:1800+30"]

1. d4 Nf6 2. c4 e6 3. a3 b6 4. Nc3 Bb7 5. Bg5 Be7 6. e3 O-O 7. Nf3 h6 8. Bh4 d5 9. cxd5 Nxd5 10. Bxe7 Qxe7 11. Bd3 Rd8 12. O-O c5 13. Qe2 Nd7 14. Rac1 cxd4 15. Nxd4 Ne5 16. Bb1 Rac8 17. f4 Nxc3 18. Rxc3 Rxc3 19. bxc3 Nd7 20. a4 Qc5 21. Qd3 Nf8 22. e4 Rc8 23. Rc1 Ng6 24. Qg3 Nxf4 25. Qxf4 e5 26. Qf2 exd4 27. c4 Qe5 28. Rf1 f6 29. Qc2 Re8 30. Rf5 Qxe4 31. Qxe4 Bxe4 32. Bxe4 Rxe4 33. a5 Re1+ 34. Kf2 Re5 35. Rf4 Rxa5 36. Rxd4 Kf7 37. Kf3 Rc5 38. Rd7+ Kg6 39. Rxa7 Rxc4 40. Rb7 Rb4 41. h3 f5 42. Kg3 Rb3+ 43. Kf2 Kf6 44. Rc7 Rb2+ 45. Kf3 Rb3+ 46. Kf2 Rb4 47. Kf3 Re4 48. g4 Re7 49. Rc6+ Re6 50. Rc8 fxg4+ 51. Kxg4 g6 52. Rf8+ Ke5 53. Rh8 h5+ 54. Kg5 Kd4 55. Rd8+ Kc4 56. Rc8+ Kb4 57. Rc1 b5 58. Rb1+ Kc4 59. Rc1+ Kd3 60. Rb1 Rb6 61. Kf4 b4 62. Ke5 b3 63. Kd5 b2 64. Kc5 Kc2 65. Rg1 b1=Q 66. Rg2+ Kd3 67. Rg3+ Ke4 0-1

[Event "Najdorf Memorial-B 2022"]
[Site "Warsaw"]
[Date "2022.07.17"]
[Round "9.9"]
[White "Szewczak, Andrzej"]
[Black "Terkiewicz, Bruno"]
[Result "0-1"]
[ECO "A00"]
[WhiteElo "1694"]
[BlackElo "1473"]
[Annotator "NA COMBH"]
[PlyCount "126"]
[EventDate "2022.07.09"]
[EventType "swiss"]
[EventCountry "POL"]
[SourceTitle "playchess.com"]
[Source "ChessBase"]
[SourceQuality "1"]
[TimeControl "40/5400+30:1800+30"]

1. b4 c6 2. e3 Qb6 3. a3 a5 4. Nc3 axb4 5. Rb1 Nf6 6. axb4 d5 7. b5 Qc7 8. Nf3 Bg4 9. h3 Bh5 10. bxc6 bxc6 11. d3 e6 12. Bd2 Be7 13. g4 Bg6 14. Nh4 Nfd7 15. Nxg6 hxg6 16. Bg2 Nf6 17. Rb3 Nbd7 18. Ne2 Nc5 19. Rb1 e5 20. Ng3 Ne6 21. c4 d4 22. Qf3 Rc8 23. Qd1 Nc5 24. Qc2 Rd8 25. e4 Nfd7 26. O-O g5 27. Nf5 Ne6 28. Rfc1 Ndc5 29. Ra1 Rb8 30. Rcb1 Kd7 31. Ba5 Rxb1+ 32. Qxb1 Qb7 33. Qxb7+ Nxb7 34. Bb6 Bc5 35. Ra7 Rb8 36. Bxc5 Nexc5 37. Bf1 g6 38. Ng3 Kc7 39. Be2 Kb6 40. Ra2 Ne6 41. Nh1 Nf4 42. Bf1 Nc5 43. Rd2 Ra8 44. f3 Ra3 45. Nf2 Ka5 46. Kh2 Kb4 47. Rb2+ Nb3 48. Nh1 Kc3 49. Rf2 Nxd3 50. Bxd3 Kxd3 51. h4 gxh4 52. f4 Kxe4 53. fxe5 Kxe5 54. Rxf7 Ra2+ 55. Kh3 d3 56. Nf2 Rxf2 57. Rxf2 d2 58. Rf1 g5 59. Kg2 Kd4 60. Kf2 Kd3 61. Rh1 Kc2 62. Ke2 Nc1+ 63. Ke3 d1=Q 0-1

[Event "Najdorf Memorial-B 2022"]
[Site "Warsaw"]
[Date "2022.07.17"]
[Round "9.10"]
[White "Nocek, Dominik"]
[Black "Napieralski, Lucjan"]
[Result "1-0"]
[ECO "C05"]
[WhiteElo "1682"]
[BlackElo "1414"]
[Annotator "NA COMBH"]
[PlyCount "101"]
[EventDate "2022.07.09"]
[EventType "swiss"]
[EventCountry "POL"]
[SourceTitle "playchess.com"]
[Source "ChessBase"]
[SourceQuality "1"]
[TimeControl "40/5400+30:1800+30"]

1. e4 e6 2. d4 d5 3. Nd2 Nf6 4. e5 Nfd7 5. Bd3 c5 6. c3 Nc6 7. Ne2 Qb6 8. Nf3 Be7 9. O-O O-O 10. Bc2 Re8 11. Qd3 Nf8 12. Ng5 Bxg5 13. Bxg5 cxd4 14. cxd4 Nb4 15. Qd2 Nxc2 16. Qxc2 Bd7 17. Qd2 Bb5 18. Rfd1 Rac8 19. Nc3 Rc4 20. Be3 Rec8 21. Rab1 a5 22. Rdc1 a4 23. g3 Nd7 24. b3 axb3 25. Rxb3 Qa6 26. Rxb5 Rxc3 27. Rxc3 Rxc3 28. Rxd5 exd5 29. Qxc3 Nb6 30. Qc7 h6 31. Qd8+ Kh7 32. Qe7 Qxa2 33. Qxf7 Qb1+ 34. Kg2 Qe4+ 35. Qf3 Qxf3+ 36. Kxf3 Nc4 37. Ke2 Kg6 38. g4 h5 39. h3 hxg4 40. hxg4 Kf7 41. Kd3 Ke6 42. Kc3 Kd7 43. Kb4 Kc6 44. Bg5 Nb2 45. Be3 Nd3+ 46. Kc3 Ne1 47. f4 Nf3 48. f5 Nh2 49. g5 Nf3 50. f6 gxf6 51. g6 1-0

[Event "Najdorf Memorial-B 2022"]
[Site "Warsaw"]
[Date "2022.07.17"]
[Round "9.11"]
[White "Mossakowski, Jakub"]
[Black "Kurowski, Maciej"]
[Result "1/2-1/2"]
[ECO "D30"]
[WhiteElo "1487"]
[BlackElo "1601"]
[Annotator "NA COMBH"]
[PlyCount "23"]
[EventDate "2022.07.09"]
[EventType "swiss"]
[EventCountry "POL"]
[SourceTitle "playchess.com"]
[Source "ChessBase"]
[SourceQuality "1"]
[TimeControl "40/5400+30:1800+30"]

1. Nf3 d5 2. d4 Nf6 3. c4 c6 4. e3 e6 5. Nbd2 Nbd7 6. Bd3 dxc4 7. Nxc4 c5 8. O-O b5 9. Nce5 c4 10. Be2 Bb7 11. b3 Nd5 12. bxc4 1/2-1/2

[Event "Najdorf Memorial-B 2022"]
[Site "Warsaw"]
[Date "2022.07.17"]
[Round "9.12"]
[White "Trochimczuk, Szymon"]
[Black "Bartoszczuk, Adam"]
[Result "1/2-1/2"]
[ECO "E61"]
[WhiteElo "1480"]
[BlackElo "1596"]
[Annotator "NA COMBH"]
[PlyCount "88"]
[EventDate "2022.07.09"]
[EventType "swiss"]
[EventCountry "POL"]
[SourceTitle "playchess.com"]
[Source "ChessBase"]
[SourceQuality "1"]
[TimeControl "40/5400+30:1800+30"]

1. d4 Nf6 2. c4 g6 3. Nc3 Bg7 4. Nf3 d6 5. h3 O-O 6. Bf4 Nbd7 7. e3 c5 8. Be2 Qb6 9. Qd2 cxd4 10. exd4 Re8 11. Be3 Qd8 12. O-O e5 13. dxe5 dxe5 14. Nb5 Nb6 15. Nd6 Re7 16. c5 e4 17. Nxc8 Rd7 18. Nd4 Nxc8 19. Bb5 Rd5 20. Rac1 Ne7 21. Bc4 Rd7 22. Bb5 Rd5 23. Bc4 Rd7 24. Qb4 Ned5 25. Qb3 Rc8 26. Nb5 Qf8 27. Nxa7 Nxe3 28. Qxe3 Ra8 29. Nb5 Bh6 30. Qc3 Bxc1 31. Rxc1 Qg7 32. Nd6 Rad8 33. Qb3 Ne8 34. Nxb7 Rb8 35. c6 Rd2 36. Rc3 Qf6 37. f3 Qh4 38. Qb6 Qg3 39. Bf1 Qc7 40. Qb4 Rd1 41. fxe4 Nd6 42. b3 Nxb7 43. cxb7 Qxb7 44. Qxb7 Rxb7 1/2-1/2

[Event "Najdorf Memorial-B 2022"]
[Site "Warsaw"]
[Date "2022.07.17"]
[Round "9.13"]
[White "Chiszko, Oskar"]
[Black "Chekhani, Anna"]
[Result "1-0"]
[ECO "B80"]
[WhiteElo "1446"]
[BlackElo "1575"]
[Annotator "NA COMBH"]
[PlyCount "56"]
[EventDate "2022.07.09"]
[EventType "swiss"]
[EventCountry "POL"]
[SourceTitle "playchess.com"]
[Source "ChessBase"]
[SourceQuality "1"]
[TimeControl "40/5400+30:1800+30"]

1. e4 c5 2. Nf3 e6 3. d4 cxd4 4. Nxd4 Nf6 5. Nc3 d6 6. Be3 a6 7. Be2 Qc7 8. Qd2 b5 9. f3 Bb7 10. O-O-O Nbd7 11. g4 h6 12. h4 b4 13. Nb1 d5 14. g5 Nh5 15. g6 e5 16. gxf7+ Kxf7 17. f4 Ng3 18. fxe5 Nxh1 19. e6+ Kg8 20. exd7 Ng3 21. Bg4 Nxe4 22. Be6+ Kh7 23. Bf5+ Kg8 24. Bxe4 Qxd7 25. Bf5 Qe7 26. Be6+ Kh7 27. Qd3+ g6 28. Rg1 Qe8 1-0

[Event "Najdorf Memorial-B 2022"]
[Site "Warsaw"]
[Date "2022.07.17"]
[Round "9.14"]
[White "Tsiapko, Andrii"]
[Black "Matskevich, Varvara"]
[Result "0-1"]
[ECO "D70"]
[WhiteElo "1538"]
[BlackElo "1467"]
[Annotator "NA COMBH"]
[PlyCount "118"]
[EventDate "2022.07.09"]
[EventType "swiss"]
[EventCountry "POL"]
[SourceTitle "playchess.com"]
[Source "ChessBase"]
[SourceQuality "1"]
[TimeControl "40/5400+30:1800+30"]

1. d4 d5 2. c4 c6 3. Nf3 Nf6 4. Nbd2 e6 5. g3 g6 6. Bg2 Bg7 7. O-O O-O 8. Qc2 b6 9. e4 dxe4 10. Nxe4 Nxe4 11. Qxe4 Bb7 12. Ne5 Qe7 13. Bf4 Rd8 14. Rfe1 f6 15. Nf3 Kf7 16. Bh3 Re8 17. c5 bxc5 18. dxc5 e5 19. Qc4+ Kf8 20. Rad1 Qf7 21. Qxf7+ Kxf7 22. Bd2 Na6 23. Ba5 Nxc5 24. Bb4 Bf8 25. Bxc5 Bxc5 26. Rc1 Bb4 27. Re2 Rad8 28. a3 Ba5 29. b4 Bb6 30. Bg2 e4 31. Ne1 f5 32. a4 a6 33. Nc2 Rd3 34. Bf1 Red8 35. a5 Ba7 36. Ree1 Rc3 37. Ne3 Rxc1 38. Rxc1 Bxe3 39. fxe3 Rd2 40. Rc4 Ke6 41. g4 Ke5 42. Rc5+ Rd5 43. Rc4 Kd6 44. Bh3 Bc8 45. gxf5 gxf5 46. Kf2 Be6 47. Rc2 c5 48. bxc5+ Rxc5 49. Rb2 Rxa5 50. Rb6+ Ke5 51. Rb7 Ra2+ 52. Kg3 Re2 53. Rxh7 Rxe3+ 54. Kf2 Rf3+ 55. Ke1 Kf4 56. Bg2 Rb3 57. Rc7 Ke3 58. Rc1 f4 59. h4 f3 0-1

[Event "Najdorf Memorial-B 2022"]
[Site "Warsaw"]
[Date "2022.07.17"]
[Round "9.15"]
[White "Machnik, Stanislaw"]
[Black "Piddubna, Bozhena"]
[Result "0-1"]
[ECO "C55"]
[WhiteElo "1381"]
[BlackElo "1534"]
[Annotator "NA COMBH"]
[PlyCount "48"]
[EventDate "2022.07.09"]
[EventType "swiss"]
[EventCountry "POL"]
[SourceTitle "playchess.com"]
[Source "ChessBase"]
[SourceQuality "1"]
[TimeControl "40/5400+30:1800+30"]

1. e4 e5 2. Nf3 Nc6 3. Bc4 Nf6 4. d3 h6 5. c3 d6 6. a4 g6 7. h3 Bg7 8. Be3 O-O 9. O-O Be6 10. Bxe6 fxe6 11. Nh2 d5 12. exd5 exd5 13. f4 exf4 14. Rxf4 Qe7 15. Qd2 Rae8 16. Bf2 h5 17. Bh4 Bh6 18. Rxf6 Be3+ 19. Kh1 Qxf6 20. Bxf6 Bxd2 21. Nxd2 Rxf6 22. Nhf3 Ne5 23. d4 Nf7 24. Nb3 Rb6 0-1

[Event "Najdorf Memorial-B 2022"]
[Site "Warsaw"]
[Date "2022.07.17"]
[Round "9.16"]
[White "Adamowicz, Michal"]
[Black "Wasiluk, Mateusz"]
[Result "1-0"]
[ECO "C00"]
[WhiteElo "1408"]
[BlackElo "1496"]
[Annotator "NA COMBH"]
[PlyCount "63"]
[EventDate "2022.07.09"]
[EventType "swiss"]
[EventCountry "POL"]
[SourceTitle "playchess.com"]
[Source "ChessBase"]
[SourceQuality "1"]
[TimeControl "40/5400+30:1800+30"]

1. e4 e6 2. d3 d5 3. Nd2 Nf6 4. Ngf3 dxe4 5. dxe4 b6 6. Bd3 Bb7 7. e5 Nd5 8. Be4 c6 9. O-O Nd7 10. c4 Ne7 11. Qe2 Qc7 12. Bc2 Ng6 13. Re1 Be7 14. a3 c5 15. b3 O-O-O 16. Bb2 Nf4 17. Qe3 g5 18. Ne4 Rdg8 19. Nd6+ Bxd6 20. exd6 Qxd6 21. Rad1 Qc7 22. Bxh8 g4 23. Ne5 Nxg2 24. Rxd7 Qb8 25. Rxb7 Qxb7 26. Be4 Nxe3 27. Bxb7+ Kxb7 28. fxe3 Rxh8 29. Rd1 f6 30. Rd7+ Kc8 31. Rxa7 Kb8 32. Nc6+ 1-0